 Dungeon Crawl Stone Soup version 0.31-a0-819-gf6de2f5ab6 (webtiles) character file.

Game seed: 10689628454524233047

16816 ketsa the Fighter (level 12, -1/94 HPs)
             Began as a Djinni Hedge Wizard on July 30, 2023.
             Was an Initiate of Gozag.
             Slain by a slime creature (12 damage)
             ... on level 12 of the Dungeon on Sept 23, 2023.
             The game lasted 01:22:51 (16732 turns).

ketsa the Fighter (Djinni Hedge Wizard)            Turns: 16732, Time: 01:22:52

Health: -1/94      AC:  6    Str:  9    XL:     12   Next: 74%
Gold:   2329       EV: 16    Int: 21    God:    Gozag SH:  0 Dex: 13

rFire   + + +        V - staff of conjuration
rCold   x . .        (no shield)
rNeg    . . .        J - +2 robe {rC+}
rPois   ∞            c - +0 hat
rElec   .            S - scarf {repulsion}
rCorr   .            H - +1 pair of gloves
SInv    .            (boots unavailable)
Will    ++...        (no amulet)
Stlth   ++           p - ring of willpower
HPRegen 0.35/turn    B - ring of fire
MPRegen 0.00/turn

%: repel missiles, infuse magic (-2 HP)
@: flying
A: sickness immunity, fire resistance 2, cold vulnerability 1, float, innate
caster, HP casting, extra vitality 1
a: Renounce Religion, Potion Petition, Call Merchant, Bribe Branch


You were on level 12 of the Dungeon.
You worshipped Gozag.
Gozag was most pleased with you.
You visited 3 branches of the dungeon, and saw 15 of its levels.

You collected 2377 gold pieces.
You paid 48 gold pieces to Gozag.

Inventory:

Hand Weapons
 a - a +0 dagger
 z - a +3 dagger of protection
 G - the +6 whip of Satyriasis {antimagic, *Noise Will+++ Dex+2}
   (You found it on level 10 of the Dungeon)

   Dex+2:     It affects your dexterity (+2).
   Will+++:   It greatly increases your willpower.
   *Noise:    It may make a loud noise when swung.
 I - a +3 long sword
 L - a +0 quarterstaff of freezing
 P - a +5 rapier of venom
Missiles
 j - 8 curare-tipped darts
 q - 25 poisoned darts
Armour
 b - a +0 robe
 c - a +0 hat (worn)
 e - a +0 buckler
 H - a +1 pair of gloves (worn)
 J - a +2 robe of cold resistance (worn)
 M - a +0 pair of gloves
 S - a scarf of repulsion (worn)
 U - the +3 ring mail of Dishonesty {+Blink rElec Str-5}
   (You found it on level 13 of the Dungeon)

   Str-5:     It affects your strength (-5).
   rElec:     It insulates you from electricity.
   +Blink:    It lets you blink.
Magical Staves
 d - a staff of death
 V - a staff of conjuration (weapon)
Jewellery
 n - a ring of ice
 p - a ring of willpower (left hand)
 y - a +5 ring of evasion
 A - a ring of wizardry
 B - a ring of fire (right hand)
 C - a ring of ice
 E - a ring of wizardry
Wands
 o - a wand of iceblast (1)
 v - a wand of digging (4)
 F - a wand of paralysis (3)
 K - a wand of flame (5)
 O - a wand of acid (4)
 Q - a wand of mindburst (4)
Scrolls
 g - 3 scrolls of noise
 h - 9 scrolls of teleportation
 i - 4 scrolls of poison
 k - 4 scrolls of enchant armour
 m - 2 scrolls of summoning
 x - 2 scrolls of silence
 D - 3 scrolls of fear
 N - a scroll of vulnerability
 R - a scroll of revelation
 T - a scroll of identify
Potions
 f - 3 potions of attraction
 l - 4 potions of invisibility
 r - a potion of brilliance {unknown}
 s - 2 potions of curing
 t - a potion of mutation
 u - a potion of might
 w - a potion of berserk rage


   Skills:
 + Level 11.5 Fighting
 - Level 9.1 Dodging
 - Level 3.6 Stealth
 * Level 10.9 Spellcasting
 * Level 10.9 Conjurations
 * Level 10.9 Hexes
   Level 0.0 Charms
 * Level 10.9 Summonings
 * Level 10.9 Necromancy
 * Level 10.9 Translocations
 * Level 10.9 Transmutations
 * Level 10.9 Fire Magic
 * Level 10.9 Ice Magic
 * Level 10.9 Air Magic
 * Level 10.9 Earth Magic
 * Level 10.9 Poison Magic
 + Level 0.3 Evocations


You knew the following spells:

 Your Spells              Type           Power      Damage    Failure   Level
a - Magic Dart            Conj           100%       1d8       1%          1
b - Slow                  Hex            100%       N/A       1%          1
c - Blink                 Tloc           100%       N/A       1%          2
d - Call Imp              Summ           100%       N/A       1%          2
e - Mephitic Cloud        Conj/Pois/Air  72%        N/A       1%          3
f - Shock                 Conj/Air       100%       1d9       1%          1
g - Static Discharge      Conj/Air       100%       2-7/arc   1%          2
h - Lesser Beckoning      Tloc           100%       N/A       1%          2
i - Ignite Poison         Fire/Tmut/Pois 72%        N/A       1%          3
j - Fireball              Conj/Fire      45%        3d18      1%          5
Your spell library was empty.

Dungeon Overview and Level Annotations

Branches:
Dungeon (13/15)            Temple (1/1) D:4            Lair (1/5) D:8
    Orc (0/2) D:9
 Vaults: D:13-14

Altars:
Ashenzari
Cheibriados
Dithmenos
Elyvilon
Fedhas
Gozag
Hepliaklqana
Makhleb
Nemelex Xobeh
Okawaru
Qazlal
Ru
Trog
Uskayaw
Wu Jian
Xom
Yredelemnul
Zin
The Shining One

Shops:
D:5 (   D:8 (

Annotations:
D:4 exclusion: downstairs
D:9 6 runed translucent doors, 2 transporters, floatRand's ghost, novice DrSh
D:12 exclusion: downstairs


Innate Abilities, Weirdness & Mutations

You are immune to sickness and miasma.
You are immune to poison.
Your flesh is very heat resistant. (rF++)
You are vulnerable to cold. (rC-)
You float through the air rather than walking.
You learn spells naturally, not from books.
Your magical power is your life essence.
You have superior vitality. (+4 MHP)


Message History

* * * LOW HITPOINT WARNING * * *
You fly upwards.
Level annotation: exclusion: downstairs
There is a stone staircase leading down here.
Casting: Shock (safe; 1% risk of failure)
Confirm with . or Enter, or press ? or * to list all spells.
A tiny devil pulls itself out of the air.
* * * LOW HITPOINT WARNING * * *
The slime creature hits you!
* * * LOW HITPOINT WARNING * * *
You feel better. The slime creature misses you.
Your cerulean imp hits the slime creature from afar with a +1 spear.
Casting: Call Imp (safe; 1% risk of failure)
Confirm with . or Enter, or press ? or * to list all spells.
Aiming: Shock (safe; 1% risk of failure)
Press: ? - help, Shift-Dir - straight line You feel a surge of power!
The zap hits the slime creature.
The slime creature is severely wounded.
* * * LOW HITPOINT WARNING * * *
The slime creature barely misses you.
Your cerulean imp hits the slime creature from afar with a +1 spear.
Casting: Shock (safe; 1% risk of failure)
Confirm with . or Enter, or press ? or * to list all spells.
Aiming: Shock (safe; 1% risk of failure)
Press: ? - help, Shift-Dir - straight line You feel a surge of power!
The zap hits the slime creature.
The slime creature is severely wounded.
* * * LOW HITPOINT WARNING * * *
The slime creature completely misses you.
Your cerulean imp hits the slime creature from afar with a +1 spear.
Casting: Shock (safe; 1% risk of failure)
Confirm with . or Enter, or press ? or * to list all spells.
Aiming: Shock (safe; 1% risk of failure)
Press: ? - help, Shift-Dir - straight line You feel a surge of power!
The zap hits the slime creature.
The slime creature is almost dead.
* * * LOW HITPOINT WARNING * * *
The slime creature hits you!
You die...
Your body crumbles into a pile of gold.

..##..# #.......###'#.######.#
..+...# #.......#...#.+....#.#
#'#...# #.......#...#.#....'.#
.....)#####.......'...#.#....#.#
..................#...#.######.#
..........######..#...#........#
..........# #^.#...#........#
..........# #.5#####........#
..........# #@..............#
########### #J..............# #
#################


You could see a slime creature (ally target) and a friendly cerulean imp
(summoned).

Vanquished Creatures
  Fannar (D:10)
  Erolcha (D:12)
  Lodul (D:13)
  2 deep elf pyromancers (D:12)
  4 cyclopes
  3 manticores
  A gargoyle (D:12)
  Psyche (D:8)
  A komodo dragon (D:11)
  3 meliai (D:12)
  5 trolls
  A hornet (D:9)
  4 slime creatures (D:12)
  3 vampires
  2 shadows (D:11)
  15 yaks
  A hog (D:13)
  Grum (D:8)
  A basilisk (D:12)
  A steam dragon (D:10)
  A warg (D:9)
  4 acid dragons
  6 water moccasins
  A black bear (D:5)
  An ice beast (D:5)
  A sky beast (D:7)
  3 centaurs
  2 ogres (D:13)
  3 wolves (D:8)
  A phantom (D:5)
  4 kobold brigands
  3 bullfrogs (D:7)
  3 gnoll sergeants
  2 scorpions (D:6)
  3 wights (D:6)
  11 killer bees
  2 electric eels (D:10)
  A gnoll bouda (D:8)
  5 hounds
  3 jellies
  3 orc priests
  A sleepcap (D:6)
  2 iguanas
  8 orc wizards
  22 gnolls
  7 adders
  4 shadow imps
  A white imp (D:5)
  4 worms
  2 dart slugs
  27 orcs
  9 ball pythons
  5 endoplasms
  5 giant cockroaches
  7 goblins
  4 hobgoblins
  9 jackals
  26 kobolds
  3 quokkas
  5 bats
  4 frilled lizards
  3 rats
273 creatures vanquished.

Vanquished Creatures (collateral kills)
  An orc priest (D:9)
  A kobold (D:7)
2 creatures vanquished.

Vanquished Creatures (others)
  A centaur (D:10)
1 creature vanquished.

Grand Total: 276 creatures vanquished

Notes
Turn   | Place    | Note
-------+----------+-------------------------------------------
     0 | D:1      | ketsa the Djinni Hedge Wizard began the quest for the Orb.
     0 | D:1      | ketsa set off with the following spells memorised: Magic
                  | Dart, Slow, Blink, Call Imp, Mephitic Cloud.
     0 | D:1      | Reached XP level 1. HP: 15/15 MP: 0/0
   249 | D:1      | Reached XP level 2. HP: 21/22 MP: 0/0
   741 | D:1      | Reached XP level 3. HP: 24/26 MP: 0/0
   741 | D:1      | Learned a level 1 spell: Shock
   962 | D:2      | Reached skill level 1 in Fighting
  1232 | D:2      | Reached XP level 4. HP: 13/32 MP: 0/0
  2655 | D:4      | Reached skill level 2 in Fighting
  2655 | D:4      | Reached XP level 5. HP: 13/38 MP: 0/0
  2655 | D:4      | Learned a level 2 spell: Static Discharge
  2929 | D:4      | Found a staircase to the Ecumenical Temple.
  2936 | Temple   | Entered the Ecumenical Temple
  2993 | Temple   | Became a worshipper of Gozag Ym Sagoz the Greedy
  3474 | D:4      | Reached XP level 6. HP: 5/45 MP: 0/0
  4033 | D:5      | Entered Level 5 of the Dungeon
  4268 | D:5      | Found Bour's Hydra Hut.
  4280 | D:5      | Noticed a black bear
  4282 | D:5      | Noticed an ice beast
  4399 | D:5      | Noticed a water moccasin
  4410 | D:5      | Killed a water moccasin
  4411 | D:5      | Reached skill level 3 in Fighting
  4411 | D:5      | Reached XP level 7. HP: 11/50 MP: 0/0
  4411 | D:5      | Learned a level 2 spell: Lesser Beckoning
  5248 | D:5      | Found a hazy altar of Hepliaklqana.
  5282 | D:5      | Noticed a six-headed hydra
  5316 | D:5      | Reached skill level 4 in Fighting
  5316 | D:5      | Reached skill level 5 in Dodging
  5613 | D:5      | Reached XP level 8. HP: 23/58 MP: 0/0
  6329 | D:6      | Reached skill level 5 in Spellcasting
  6329 | D:6      | Reached skill level 5 in Conjurations
  6329 | D:6      | Reached skill level 5 in Hexes
  6329 | D:6      | Reached skill level 5 in Summonings
  6329 | D:6      | Reached skill level 5 in Necromancy
  6329 | D:6      | Reached skill level 5 in Translocations
  6329 | D:6      | Reached skill level 5 in Transmutations
  6329 | D:6      | Reached skill level 5 in Fire Magic
  6329 | D:6      | Reached skill level 5 in Ice Magic
  6329 | D:6      | Reached skill level 5 in Air Magic
  6329 | D:6      | Reached skill level 5 in Earth Magic
  6329 | D:6      | Reached skill level 5 in Poison Magic
  6411 | D:6      | Reached skill level 5 in Fighting
  7058 | D:6      | Reached XP level 9. HP: 59/66 MP: 0/0
  7058 | D:6      | Learned a level 3 spell: Ignite Poison
  7190 | D:6      | Found a hide-covered altar of Uskayaw.
  7345 | D:6      | Reached skill level 6 in Fighting
  8230 | D:7      | Reached skill level 7 in Fighting
  8616 | D:8      | Reached XP level 10. HP: 63/75 MP: 0/0
  8636 | D:8      | Reached skill level 8 in Fighting
  9002 | D:8      | Noticed Grum
  9013 | D:8      | Killed Grum
  9218 | D:8      | Found a staircase to the Lair.
  9218 | D:8      | Noticed Psyche
  9228 | D:8      | Found Viomm's Weapon Shoppe.
  9340 | D:8      | Killed Psyche
  9385 | Lair:1   | Entered Level 1 of the Lair of Beasts
  9805 | D:8      | Upgraded the game from 0.31-a0-426-g3a05650e59 to
                  | 0.31-a0-672-g7da72447bb
  9876 | D:9      | Found a large runed translucent door.
  9876 | D:9      | Found a large runed translucent door.
  9880 | D:9      | Noticed floatRand's ghost (novice DrSh)
 10120 | D:9      | Found a staircase to the Orcish Mines.
 10169 | D:9      | Found a transporter.
 10187 | D:9      | Found a transporter.
 10187 | D:9      | Found a basalt altar of Yredelemnul.
 10191 | D:9      | Noticed a flayed ghost
 10335 | D:9      | Found a runed translucent door.
 10395 | D:9      | Found a runed translucent door.
 10504 | D:9      | Found a runed translucent door.
 10621 | D:9      | Found an iron altar of Okawaru.
 10915 | D:9      | Found a runed translucent door.
 11182 | D:10     | Entered Level 10 of the Dungeon
 11186 | D:10     | Identified the +6 whip of Satyriasis {antimagic, *Noise
                  | Will+++ Dex+2}
 11254 | D:10     | Reached XP level 11. HP: 77/82 MP: 0/0
 11254 | D:10     | Learned a level 5 spell: Fireball
 11760 | D:10     | Reached skill level 9 in Fighting
 11860 | D:10     | Noticed Fannar
 12288 | D:10     | Upgraded the game from 0.31-a0-672-g7da72447bb to
                  | 0.31-a0-744-gbc345e7fcb
 12525 | D:10     | Upgraded the game from 0.31-a0-744-gbc345e7fcb to
                  | 0.31-a0-819-gf6de2f5ab6
 12551 | D:10     | Killed Fannar
 12930 | D:11     | Noticed a boulder beetle
 13106 | D:11     | Noticed a cyclops
 13280 | D:11     | Noticed a cyclops
 13285 | D:11     | Killed a cyclops
 13636 | D:11     | Reached skill level 10 in Fighting
 13889 | D:11     | Killed a cyclops
 14735 | D:12     | Noticed a manticore
 14738 | D:12     | Killed a manticore
 14752 | D:12     | Reached XP level 12. HP: 71/92 MP: 0/0
 14834 | D:12     | Noticed Erolcha
 15409 | D:12     | Reached skill level 10 in Spellcasting
 15409 | D:12     | Reached skill level 10 in Conjurations
 15409 | D:12     | Reached skill level 10 in Hexes
 15409 | D:12     | Reached skill level 10 in Summonings
 15409 | D:12     | Reached skill level 10 in Necromancy
 15409 | D:12     | Reached skill level 10 in Translocations
 15409 | D:12     | Reached skill level 10 in Transmutations
 15409 | D:12     | Reached skill level 10 in Fire Magic
 15409 | D:12     | Reached skill level 10 in Ice Magic
 15409 | D:12     | Reached skill level 10 in Air Magic
 15409 | D:12     | Reached skill level 10 in Earth Magic
 15409 | D:12     | Reached skill level 10 in Poison Magic
 15635 | D:12     | Reached skill level 11 in Fighting
 15824 | D:12     | Killed Erolcha
 16327 | D:13     | Noticed Lodul
 16330 | D:13     | Noticed a tengu warrior
 16331 | D:13     | Killed Lodul
 16611 | D:13     | Identified the +3 ring mail of Dishonesty {+Blink rElec
                  | Str-5}
 16732 | D:12     | Slain by a slime creature

Illustrated notes

Levels and vault maps discovered:
D:1:      zaba_arrival_water, layout_loops_ring
D:2:      layout_loops_ring, grunt_ministairs_4, amethyst_killhole,
          nicolae_kite_square_tiling_tiny, serial_bayou_pond_c
D:3:      layout_basic
D:4:      layout_basic, minmay_temple_entry_trees
D:5:      layout_basic, mainiacjoe_overflow_alcove_2, doesnt_shop_hydraphobe
D:6:      minmay_skewed_foursquare, layout_loops_ring,
          nicolae_uskayaw_murder_on_the_dancefloor, eino_tiny_chamber
D:7:      layout_basic
D:8:      layout_loops_ring, dpeg_oklobed_lair, serial_shops, shop,
          small_statue_alley_b, uniq_psyche, uniq_grum
D:9:      layout_roguey, mainiacjoe_overflow_concentric_impassable,
          gammafunk_temple_of_torment, david_orc_3, ebering_ghost_disaster_area,
          minmay_statue_crystal_thing
D:10:     statuecave_lemuel, layout_loops_cross, uniq_fannar
D:11:     layout_irregular_city
D:12:     layout_irregular_city, nicolae_sif_muna_little_library, uniq_erolcha
D:13:     layout_cave_pools, zin_scriptorium, uniq_kirke, uniq_lodul
Temple:   sentei_temple_godly_chess
Lair:1:   layout_chaotic_city, grunt_megastairs_1

Skill      XL: |  1  2  3  4  5  6  7  8  9 10 11 12 |
---------------+-------------------------------------+-----
Spellcasting   | 3 4 5 6 7 9 10 | 10.9
Conjurations   | 3 4 5 6 7 9 10 | 10.9
Hexes          | 3 4 5 6 7 9 10 | 10.9
Summonings     | 3 4 5 6 7 9 10 | 10.9
Necromancy     | 3 4 5 6 7 9 10 | 10.9
Translocations | 3 4 5 6 7 9 10 | 10.9
Transmutations | 3 4 5 6 7 9 10 | 10.9
Fire Magic     | 3 4 5 6 7 9 10 | 10.9
Ice Magic      | 3 4 5 6 7 9 10 | 10.9
Air Magic      | 3 4 5 6 7 9 10 | 10.9
Earth Magic    | 3 4 5 6 7 9 10 | 10.9
Poison Magic   | 3 4 5 6 7 9 10 | 10.9
Fighting       | 1 2 3 4 5 7 8 10 11 | 11.5
Dodging        | 3 4 5 6 8 9 |  9.1
Stealth        | 3 |  3.6
Evocations     | |  0.3

Action                     |  1- 3 |  4- 6 |  7- 9 | 10-12 || total
---------------------------+-------+-------+-------+-------++-------
  Melee: Dagger            |       |       |       |    12 ||    12
   Cast: Magic Dart        |    91 |   196 |   234 |    25 ||   546
         Static Discharge  |       |       |     3 |     5 ||     8
         Shock             |       |       |    56 |   170 ||   226
         Mephitic Cloud    |       |       |    15 |    41 ||    56
         Ignite Poison     |       |       |     7 |    12 ||    19
         Call Imp          |       |       |     2 |    17 ||    19
         Slow              |       |       |     1 |     2 ||     3
         Fireball          |       |       |       |   118 ||   118
         Blink             |       |       |       |     1 ||     1
    Use: Scroll            |       |     3 |     3 |    17 ||    23
         Potion            |       |     1 |       |     1 ||     2
   Stab: Distracted        |       |       |       |     1 ||     1
 Armour: Robe              |     3 |     7 |     3 |    52 ||    65
  Dodge: Dodged            |    20 |    39 |    95 |   114 ||   268

Table legend: (Time is in decaauts)
 A = Elapsed time spent in this place.
 B = Non-inter-level travel time spent in this place.
 C = Inter-level travel time spent in this place.
 D = Time resting spent in this place.
 E = Time spent auto-exploring this place.
 F = Levels seen in this place.
 G = Mean time per level.
                   A        B        C        D        E       F      G
               +--------+--------+--------+--------+--------+-----+--------+
         Total |  16731 |  16182 |    549 |   5817 |   6585 |  15 | 1115.4 |
       Dungeon |  16660 |  16111 |    549 |   5817 |   6585 |  13 | 1281.5 |
        Temple |     68 |     68 |      0 |      0 |      0 |   1 |   68.0 |
          Lair |      1 |      1 |      0 |      0 |      0 |   1 |    1.0 |
               +--------+--------+--------+--------+--------+-----+--------+

Top non-repeatable levels by time:
     D:5: 2012 daAuts
    D:12: 1811 daAuts
    D:11: 1786 daAuts
    D:10: 1678 daAuts
     D:9: 1541 daAuts
     D:4: 1472 daAuts
     D:6: 1434 daAuts
     D:8: 1405 daAuts
     D:2: 1093 daAuts
     D:7: 888 daAuts
     D:1: 798 daAuts
     D:3: 679 daAuts
  Temple: 68 daAuts
    D:13: 56 daAuts
  Lair:1: 1 daAuts
